[Event "Bruges Masters 2018"]
[Site "Brugge"]
[Date "2018.08.16"]
[Round "5"]
[White "Van Foreest, Lucas"]
[Black "Frayna, Janelle Mae"]
[Result "1-0"]
[ECO "B07"]
[WhiteElo "2488"]
[BlackElo "2278"]
[Annotator "ChessBase"]
[PlyCount "71"]
[EventDate "2018.08.12"]
[EventType "swiss"]
[EventCountry "BEL"]
[SourceTitle "playchess.com"]
[Source "ChessBase"]
[SourceQuality "1"]
[TimeControl "5400+30"]

1. e4 g6 2. d4 Bg7 3. Nc3 c6 4. h3 d6 5. Be3 Nf6 6. Qd2 b5 7. Bd3 Nbd7 8. Nf3 e5 9. a4 b4 10. Ne2 a5 11. Ng3 O-O 12. O-O Qc7 13. c3 bxc3 14. bxc3 Ba6 15. Bxa6 Rxa6 16. dxe5 Nxe5 17. Nxe5 dxe5 18. Rfd1 c5 19. Rab1 Qc6 20. Qc2 h5 21. f3 c4 22. Rb5 Qe6 23. Nf1 Rc8 24. Rd2 Bf8 25. Qd1 Kg7 26. Rd8 Rcc6 27. Rbb8 Rd6 28. Bh6+ Kxh6 29. Qc1+ Kg7 30. Rxf8 Qd7 31. Rh8 Nh7 32. Rbg8+ Kf6 33. Rxh7 Rd1 34. Qh6 Qa7+ 35. Kh2 Rxf1 36. Qg7+ 1-0

[Event "Bruges Masters 2018"]
[Site "Brugge"]
[Date "2018.08.16"]
[Round "5"]
[White "Koziak, Vitali"]
[Black "Guennigmann, Manuel"]
[Result "1-0"]
[ECO "A46"]
[WhiteElo "2476"]
[BlackElo "2216"]
[Annotator "ChessBase"]
[PlyCount "77"]
[EventDate "2018.08.12"]
[EventType "swiss"]
[EventCountry "BEL"]
[SourceTitle "playchess.com"]
[Source "ChessBase"]
[SourceQuality "1"]
[TimeControl "5400+30"]

1. Nf3 Nf6 2. d4 d6 3. Nc3 Bf5 4. Nh4 Bd7 5. e4 e5 6. Nf3 exd4 7. Nxd4 Nc6 8. f3 Be7 9. Be3 O-O 10. Qd2 Nxd4 11. Bxd4 c5 12. Be3 Qa5 13. Be2 Bc6 14. O-O Kh8 15. Rfd1 Rad8 16. Bc4 Qc7 17. Qf2 Nd7 18. Nd5 Bxd5 19. Bxd5 Bf6 20. c3 Ne5 21. Rd2 Kg8 22. h3 Rfe8 23. Rad1 b6 24. g4 h6 25. f4 Ng6 26. g5 hxg5 27. fxg5 Be5 28. Qf5 Nh8 29. g6 Bf6 30. Qh5 Re5 31. Qh7+ Kf8 32. Qxh8+ Ke7 33. Qh7 Qc8 34. Rf1 Rh8 35. Rxf6 Rxh7 36. Rxf7+ Kd8 37. gxh7 Qxh3 38. Rf8+ Re8 39. h8=Q 1-0

[Event "Bruges Masters 2018"]
[Site "Brugge"]
[Date "2018.08.16"]
[Round "5"]
[White "Rajesh, V A V"]
[Black "Geirnaert, Steven"]
[Result "1-0"]
[ECO "E41"]
[WhiteElo "2325"]
[BlackElo "2427"]
[Annotator "ChessBase"]
[PlyCount "83"]
[EventDate "2018.08.12"]
[EventType "swiss"]
[EventCountry "BEL"]
[SourceTitle "playchess.com"]
[Source "ChessBase"]
[SourceQuality "1"]
[TimeControl "5400+30"]

1. d4 Nf6 2. c4 e6 3. Nc3 Bb4 4. e3 O-O 5. Bd3 d5 6. Nge2 c5 7. cxd5 exd5 8. O-O cxd4 9. exd4 Nc6 10. Bg5 Be7 11. Rc1 Re8 12. Re1 Be6 13. Nf4 Nxd4 14. Bxh7+ Nxh7 15. Bxe7 Qxe7 16. Qxd4 Qf6 17. Nb5 Rac8 18. Qxf6 Nxf6 19. Nc7 Red8 20. Ncxe6 fxe6 21. Nxe6 Re8 22. Rxc8 Rxc8 23. Nd4 Rc4 24. Rd1 Ng4 25. h3 Nf6 26. f3 b5 27. b3 Rc5 28. Rd2 Rc1+ 29. Kf2 a6 30. Ne2 Rc7 31. Ke3 Kf7 32. Nf4 Re7+ 33. Kd4 g5 34. Nd3 Ke8 35. Nb4 a5 36. Nc6 Rc7 37. Rc2 a4 38. Nb4 axb3 39. axb3 Rd7 40. Kc5 Rc7+ 41. Kd6 Re7 42. Nxd5 1-0

[Event "Bruges Masters 2018"]
[Site "Brugge"]
[Date "2018.08.16"]
[Round "5"]
[White "Dauw, Sterre"]
[Black "Lai, Hing Ting"]
[Result "0-1"]
[ECO "B06"]
[WhiteElo "2192"]
[BlackElo "2459"]
[Annotator "ChessBase"]
[PlyCount "100"]
[EventDate "2018.08.12"]
[EventType "swiss"]
[EventCountry "BEL"]
[SourceTitle "playchess.com"]
[Source "ChessBase"]
[SourceQuality "1"]
[TimeControl "5400+30"]

1. e4 g6 2. d4 Bg7 3. Nc3 d6 4. Be3 a6 5. Be2 b5 6. Bf3 Nd7 7. h4 e5 8. h5 Bb7 9. h6 Bf6 10. Bg4 b4 11. Nd5 Bxd5 12. Bxd7+ Qxd7 13. exd5 Qb5 14. dxe5 Bxe5 15. Nf3 Ne7 16. Nxe5 dxe5 17. Qf3 Nxd5 18. O-O-O c6 19. Bg5 f5 20. Qg3 Qb8 21. Rhe1 e4 22. Qxb8+ Rxb8 23. f3 O-O 24. fxe4 fxe4 25. Rxe4 Rbe8 26. Rxe8 Rxe8 27. a3 bxa3 28. bxa3 Re4 29. Bd2 Kf7 30. Rf1+ Ke7 31. Rf2 c5 32. Bg5+ Ke8 33. Kb2 c4 34. Bf6 Ne3 35. Rd2 Nf5 36. Rd8+ Kf7 37. Bc3 g5 38. Ra8 Re6 39. Bd2 Rxh6 40. Ra7+ Ke8 41. Bxg5 Rg6 42. g4 Nd4 43. Be3 c3+ 44. Kb1 Rb6+ 45. Kc1 Re6 46. Bf2 Re2 47. Ra8+ Kd7 48. Ra7+ Kc8 49. Ra8+ Kb7 50. Rd8 Rxc2+ 0-1

[Event "Bruges Masters 2018"]
[Site "Brugge"]
[Date "2018.08.16"]
[Round "5"]
[White "Hill, Alistair"]
[Black "Ravi, Teja S."]
[Result "1/2-1/2"]
[ECO "A07"]
[WhiteElo "2176"]
[BlackElo "2374"]
[Annotator "ChessBase"]
[PlyCount "83"]
[EventDate "2018.08.12"]
[EventType "swiss"]
[EventCountry "BEL"]
[SourceTitle "playchess.com"]
[Source "ChessBase"]
[SourceQuality "1"]
[TimeControl "5400+30"]

1. Nf3 d5 2. g3 c6 3. Bg2 Bg4 4. O-O Nd7 5. h3 Bh5 6. c4 e6 7. d3 Ngf6 8. cxd5 exd5 9. Qb3 Qb6 10. Qxb6 axb6 11. g4 Bg6 12. Bf4 Bc5 13. Nbd2 O-O 14. Nb3 Be7 15. Nbd4 Ra4 16. b3 Ra3 17. Nc2 Raa8 18. a4 Nc5 19. Ncd4 Nfd7 20. Rad1 Rfe8 21. Rfe1 Na6 22. e3 Bb4 23. Re2 Ndc5 24. Ne5 Bc3 25. Rc2 Bxd4 26. exd4 Nb4 27. Rcd2 Nxb3 28. Rb2 Nxd4 29. Nxg6 hxg6 30. Rxb4 Ne2+ 31. Kf1 c5 32. Bf3 Nc3 33. Rxb6 Rxa4 34. Rc1 Rxf4 35. Rxc3 d4 36. Rxc5 Rxf3 37. Kg2 Rxd3 38. Rxb7 Ra3 39. Rcc7 Rf8 40. Rd7 d3 41. Rb4 Rc8 42. Rbb7 1/2-1/2

[Event "Bruges Masters 2018"]
[Site "Brugge"]
[Date "2018.08.16"]
[Round "6"]
[White "Zeng, Chongsheng"]
[Black "Hu Yik Kwan"]
[Result "1-0"]
[ECO "A22"]
[WhiteElo "2539"]
[BlackElo "1504"]
[Annotator "RC"]
[PlyCount "87"]
[EventDate "2018.08.12"]
[EventType "swiss"]
[EventCountry "BEL"]
[SourceTitle "playchess.com"]
[Source "ChessBase"]
[SourceQuality "1"]
[TimeControl "5400+30"]

1. c4 Nf6 2. Nc3 e5 3. g3 Bb4 4. Nf3 d6 5. Qa4+ Nc6 6. Nd5 Bc5 7. b4 Bb6 8. Nxb6 cxb6 9. d3 O-O 10. Bg2 Bd7 11. b5 Ne7 12. Qb4 Ne8 13. a4 Qc7 14. Nxe5 Be6 15. Nf3 a5 16. Qb2 d5 17. Bf4 Qc8 18. cxd5 Nxd5 19. Rc1 Qd8 20. Bg5 f6 21. Nd4 Bf7 22. Bd2 Qd7 23. h4 Nd6 24. Bh3 Qe7 25. O-O Nc7 26. e4 Ne6 27. Nxe6 Bxe6 28. Bxe6+ Qxe6 29. Qd4 Nf7 30. Be3 Rfd8 31. Qxb6 Qxb6 32. Bxb6 Rxd3 33. Rfd1 Ne5 34. Rxd3 Nxd3 35. Rc7 Nb2 36. Bd4 Nd3 37. Rxb7 Re8 38. b6 Nb4 39. Rd7 Nc6 40. b7 Nxd4 41. Rc7 Nc6 42. Rxc6 Kf7 43. Rc8 Rxe4 44. b8=Q 1-0

[Event "Bruges Masters 2018"]
[Site "Brugge"]
[Date "2018.08.16"]
[Round "6"]
[White "Wan, Yunguo"]
[Black "Rajesh, V A V"]
[Result "1/2-1/2"]
[ECO "C54"]
[WhiteElo "2501"]
[BlackElo "2325"]
[Annotator "ChessBase"]
[PlyCount "107"]
[EventDate "2018.08.12"]
[EventType "swiss"]
[EventCountry "BEL"]
[SourceTitle "playchess.com"]
[Source "ChessBase"]
[SourceQuality "1"]
[TimeControl "5400+30"]

1. e4 e5 2. Nf3 Nc6 3. Bc4 Bc5 4. c3 Nf6 5. d4 exd4 6. e5 d5 7. Bb5 Ne4 8. cxd4 Bb6 9. Nc3 O-O 10. Be3 Bg4 11. h3 Bh5 12. Qc2 Bg6 13. Qb3 Ne7 14. O-O c6 15. Bd3 Nd2 16. Nxd2 Bxd3 17. Rfe1 Nf5 18. Na4 Bb5 19. Nxb6 axb6 20. a4 Ba6 21. Qc2 Nxe3 22. Rxe3 Qh4 23. Nf3 Qe7 24. Rb3 Bb5 25. Rba3 Bc4 26. Nd2 Be2 27. Qb3 Qg5 28. Qe3 Qxe3 29. Rxe3 Bc4 30. b3 Ba6 31. b4 Bc4 32. Rc3 Rfd8 33. f4 Ra6 34. Kf2 Bb5 35. Rca3 Rda8 36. a5 g6 37. Nb1 c5 38. bxc5 bxc5 39. Nc3 Bc4 40. dxc5 Rc6 41. Rb1 Rxc5 42. Rxb7 Rcxa5 43. Rxa5 Rxa5 44. Rd7 Kf8 45. Ke3 Bf1 46. Nxd5 Bxg2 47. Nf6 Ra3+ 48. Kd4 Bxh3 49. Rd8+ Kg7 50. Rg8+ Kh6 51. Rh8 g5 52. Rxh7+ Kg6 53. fxg5 Be6 54. Ke4 1/2-1/2

[Event "Bruges Masters 2018"]
[Site "Brugge"]
[Date "2018.08.16"]
[Round "6"]
[White "Lai, Hing Ting"]
[Black "Pel, Bonno"]
[Result "1-0"]
[ECO "E60"]
[WhiteElo "2459"]
[BlackElo "2281"]
[Annotator "ChessBase"]
[PlyCount "91"]
[EventDate "2018.08.12"]
[EventType "swiss"]
[EventCountry "BEL"]
[SourceTitle "playchess.com"]
[Source "ChessBase"]
[SourceQuality "1"]
[TimeControl "5400+30"]

1. Nf3 g6 2. g3 Bg7 3. d4 d6 4. Bg2 Nf6 5. b3 c5 6. c4 Nc6 7. Bb2 Qa5+ 8. Bc3 Qc7 9. Nbd2 cxd4 10. Nxd4 Nxd4 11. Bxd4 O-O 12. O-O Bd7 13. Rc1 Bc6 14. e4 Nd7 15. Be3 Qa5 16. Qc2 Rfc8 17. Nf3 Nc5 18. Nd4 Bd7 19. Qe2 a6 20. Rc2 b5 21. Rb1 Qd8 22. Qd2 Rab8 23. cxb5 axb5 24. Rbc1 b4 25. Ne2 Bb5 26. Nf4 Bc3 27. Qd1 Bc6 28. f3 Bb5 29. Nd5 Nd3 30. Rb1 e6 31. Nxc3 bxc3 32. a4 Ba6 33. Bf1 Nb2 34. Rcxb2 Bxf1 35. Rc2 Ba6 36. b4 f5 37. exf5 gxf5 38. Bd4 Qg5 39. b5 Bb7 40. Qe2 Bd5 41. Rxc3 Rxc3 42. Bxc3 f4 43. Rb4 Rf8 44. Qd3 Qh5 45. Qd4 Qg5 46. Qh8+ 1-0

[Event "Bruges Masters 2018"]
[Site "Brugge"]
[Date "2018.08.16"]
[Round "6"]
[White "Geirnaert, Steven"]
[Black "Dardha, Daniel"]
[Result "1-0"]
[ECO "B32"]
[WhiteElo "2427"]
[BlackElo "2302"]
[Annotator "ChessBase"]
[PlyCount "55"]
[EventDate "2018.08.12"]
[EventType "swiss"]
[EventCountry "BEL"]
[SourceTitle "playchess.com"]
[Source "ChessBase"]
[SourceQuality "1"]
[TimeControl "5400+30"]

1. e4 c5 2. Nf3 Nc6 3. d4 cxd4 4. Nxd4 e5 5. Nb5 d6 6. c4 Be7 7. Bd3 Be6 8. O-O a6 9. N5c3 Bg5 10. Nd2 Nf6 11. b3 O-O 12. Bb2 Nd4 13. Nd5 Nxd5 14. exd5 Bf5 15. Bxf5 Nxf5 16. Ne4 Be7 17. a4 b5 18. c5 dxc5 19. Bxe5 f6 20. Bf4 Rf7 21. d6 Bf8 22. axb5 axb5 23. Qd5 Rxa1 24. Rxa1 Nd4 25. Ra7 Qe8 26. d7 Qd8 27. Nd6 Bxd6 28. Bxd6 1-0

[Event "Bruges Masters 2018"]
[Site "Brugge"]
[Date "2018.08.16"]
[Round "6"]
[White "Chernov, Vadim"]
[Black "Larsen, Sander"]
[Result "1/2-1/2"]
[ECO "C00"]
[WhiteElo "2412"]
[BlackElo "1929"]
[Annotator "ChessBase"]
[PlyCount "157"]
[EventDate "2018.08.12"]
[EventType "swiss"]
[EventCountry "BEL"]
[SourceTitle "playchess.com"]
[Source "ChessBase"]
[SourceQuality "1"]
[TimeControl "5400+30"]

1. e4 c5 2. Nf3 e6 3. g3 Nc6 4. Bg2 Nf6 5. Qe2 Be7 6. e5 Nd5 7. c4 Ndb4 8. d3 d6 9. a3 Na6 10. exd6 Qxd6 11. Nc3 Nc7 12. Bf4 Qd8 13. O-O O-O 14. Rad1 f6 15. Bxc7 Qxc7 16. d4 Nxd4 17. Nxd4 cxd4 18. Rxd4 a6 19. Rfd1 f5 20. Bd5 Bf6 21. Bxe6+ Bxe6 22. Qxe6+ Qf7 23. Qxf7+ Rxf7 24. Rd5 Rc8 25. c5 Bxc3 26. bxc3 Rfc7 27. Rxf5 g6 28. Rf3 Rxc5 29. Rd7 R5c7 30. Rdd3 b5 31. h4 a5 32. Kg2 Rb8 33. h5 gxh5 34. Rf5 h4 35. gxh4 b4 36. cxb4 axb4 37. Rb3 Rc3 38. Rxb4 Rxb4 39. axb4 Rc4 40. b5 Rxh4 41. f4 Rh6 42. Kf3 Rh1 43. Ke4 h5 44. Kd3 h4 45. Kc2 Rh2+ 46. Kc3 h3 47. Rh5 Rh1 48. Kb2 Rh2+ 49. Kc3 Rh1 50. Kc2 Rh2+ 51. Kd3 Rh1 52. Ke4 Rb1 53. Rxh3 Rxb5 54. Rh6 Kg7 55. Ra6 Kf7 56. Rh6 Rb4+ 57. Kf5 Rb5+ 58. Kg4 Rb1 59. Kg5 Rb5+ 60. f5 Kg7 61. Rg6+ Kf7 62. Ra6 Rb7 63. Rh6 Rb5 64. Rh7+ Kg8 65. Re7 Rb6 66. Re6 Rb7 67. Kf6 Rf7+ 68. Ke5 Ra7 69. Kf6 Rf7+ 70. Kg5 Rb7 71. Rc6 Kf7 72. Rh6 Rb5 73. Rh8 Kg7 74. Ra8 Rb7 75. Ra5 Rc7 76. f6+ Kf7 77. Kf5 Rb7 78. Ke5 Rc7 79. Ke4 1/2-1/2

[Event "Bruges Masters 2018"]
[Site "Brugge"]
[Date "2018.08.16"]
[Round "6"]
[White "De Bock, Thijs"]
[Black "Van Foreest, Lucas"]
[Result "0-1"]
[ECO "C65"]
[WhiteElo "1959"]
[BlackElo "2488"]
[Annotator "ChessBase"]
[PlyCount "52"]
[EventDate "2018.08.12"]
[EventType "swiss"]
[EventCountry "BEL"]
[SourceTitle "playchess.com"]
[Source "ChessBase"]
[SourceQuality "1"]
[TimeControl "5400+30"]

1. e4 e5 2. Nf3 Nc6 3. Bb5 Nf6 4. d3 Bc5 5. c3 d5 6. Nxe5 O-O 7. Nxc6 bxc6 8. Bxc6 Bxf2+ 9. Kxf2 Ng4+ 10. Kf1 Qf6+ 11. Qf3 Qxc6 12. exd5 Qg6 13. Na3 Rb8 14. d4 Re8 15. h3 Nf6 16. Kg1 Nh5 17. Nc4 Qg3 18. Ne5 Qxf3 19. gxf3 Ba6 20. f4 f6 21. Nc6 Re1+ 22. Kg2 Re2+ 23. Kf3 Rbe8 24. b3 Bd3 25. Rg1 Rh2 26. Ba3 Be2# 0-1

[Event "Bruges Masters 2018"]
[Site "Brugge"]
[Date "2018.08.16"]
[Round "6"]
[White "Todts, Benny"]
[Black "Koziak, Vitali"]
[Result "0-1"]
[ECO "B80"]
[WhiteElo "1938"]
[BlackElo "2476"]
[Annotator "ChessBase"]
[PlyCount "46"]
[EventDate "2018.08.12"]
[EventType "swiss"]
[EventCountry "BEL"]
[SourceTitle "playchess.com"]
[Source "ChessBase"]
[SourceQuality "1"]
[TimeControl "5400+30"]

1. e4 c5 2. d4 cxd4 3. Nf3 d6 4. Nxd4 Nf6 5. Nc3 e6 6. Be3 a6 7. Qd2 b5 8. f3 Nbd7 9. g4 Nb6 10. g5 Nfd7 11. f4 b4 12. Nd1 Bb7 13. Nf2 d5 14. Rg1 dxe4 15. f5 exf5 16. Nxf5 Ne5 17. O-O-O Qxd2+ 18. Rxd2 Nbc4 19. Bxc4 Nxc4 20. Re2 O-O-O 21. Bd4 Rd5 22. Bxg7 Rxf5 23. Bxh8 Bc5 0-1

[Event "Bruges Masters 2018"]
[Site "Brugge"]
[Date "2018.08.16"]
[Round "6"]
[White "Follesa, Enrico"]
[Black "Ouaki, Mark"]
[Result "0-1"]
[ECO "C45"]
[WhiteElo "1856"]
[BlackElo "1592"]
[Annotator "NA"]
[PlyCount "118"]
[EventDate "2018.08.12"]
[EventType "swiss"]
[EventCountry "BEL"]
[SourceTitle "playchess.com"]
[Source "ChessBase"]
[SourceQuality "1"]
[TimeControl "5400+30"]

1. e4 e5 2. Nf3 Nc6 3. d4 exd4 4. Nxd4 d6 5. Be3 Bd7 6. Nc3 Ne5 7. h3 Be7 8. g3 a6 9. f4 Nc6 10. Bg2 Bf6 11. O-O Nge7 12. Qd3 Bxd4 13. Bxd4 Nxd4 14. Qxd4 O-O 15. Rae1 Bc6 16. f5 Re8 17. f6 Ng6 18. Nd5 Bxd5 19. Qxd5 c6 20. Qb3 Qc7 21. Rf2 Ne5 22. Ref1 Re6 23. fxg7 Rg6 24. Kh2 Qe7 25. Rf5 Rxg7 26. R1f2 Kh8 27. R2f4 Rag8 28. g4 c5 29. a4 Qh4 30. Kg1 Qe7 31. Qc3 Ng6 32. Rxf7 Nxf4 33. Rxe7 Ne2+ 34. Kf2 Nxc3 35. Rxg7 Nxe4+ 36. Bxe4 Rxg7 37. b3 Re7 38. Kf3 b5 39. axb5 axb5 40. h4 h6 41. h5 Kg7 42. Kf4 Kf6 43. Bf5 c4 44. bxc4 bxc4 45. Kg3 d5 46. Kf4 d4 47. Bg6 Re1 48. Bf5 Rf1+ 49. Ke4 Rd1 50. Kd5 c3 51. Kc4 Kg5 52. Kb4 Rd2 53. Kc4 Kf4 54. Kb4 Ke3 55. Kb3 d3 56. cxd3 Kd4 57. Be6 Rb2+ 58. Ka3 Rb6 59. Bb3 Kxd3 0-1

[Event "Bruges Masters 2018"]
[Site "Brugge"]
[Date "2018.08.16"]
[Round "7"]
[White "Turner, Matthew J"]
[Black "Shyaamnikhil P"]
[Result "1-0"]
[ECO "A04"]
[WhiteElo "2533"]
[BlackElo "2389"]
[Annotator "ChessBase"]
[PlyCount "85"]
[EventDate "2018.08.12"]
[EventType "swiss"]
[EventCountry "BEL"]
[SourceTitle "playchess.com"]
[Source "ChessBase"]
[SourceQuality "1"]
[TimeControl "5400+30"]

1. Nf3 c5 2. g3 g6 3. Bg2 Bg7 4. O-O Nc6 5. c3 e5 6. e4 Nge7 7. d3 O-O 8. a3 a5 9. a4 h6 10. Na3 d6 11. Nd2 Be6 12. Nb5 Kh7 13. Nc4 d5 14. exd5 Bxd5 15. Bxd5 Nxd5 16. Qf3 Qd7 17. Nbd6 Nce7 18. Re1 f6 19. Bd2 Rfd8 20. Rad1 Ra6 21. Nb5 Qc6 22. Qe4 Rd7 23. b3 Nf5 24. Bc1 h5 25. Bb2 Ra8 26. h3 Kg8 27. d4 exd4 28. cxd4 Re7 29. Qf3 Nb4 30. Qxc6 Rxe1+ 31. Rxe1 bxc6 32. dxc5 cxb5 33. axb5 Rb8 34. c6 Nd5 35. b6 Nxb6 36. Nxb6 Rxb6 37. c7 Nd6 38. Ba3 Nc8 39. Re8+ Kf7 40. Rxc8 Rc6 41. b4 axb4 42. Bxb4 f5 43. Ba5 1-0

[Event "Bruges Masters 2018"]
[Site "Brugge"]
[Date "2018.08.16"]
[Round "7"]
[White "Korneev, Oleg"]
[Black "Wan, Yunguo"]
[Result "1-0"]
[ECO "A48"]
[WhiteElo "2513"]
[BlackElo "2501"]
[Annotator "ChessBase"]
[PlyCount "57"]
[EventDate "2018.08.12"]
[EventType "swiss"]
[EventCountry "BEL"]
[SourceTitle "playchess.com"]
[Source "ChessBase"]
[SourceQuality "1"]
[TimeControl "5400+30"]

1. d4 Nf6 2. Nf3 g6 3. Bf4 Bg7 4. e3 c5 5. c3 O-O 6. Be2 cxd4 7. exd4 d6 8. h3 Nc6 9. O-O Nd5 10. Bh2 e5 11. c4 Nb6 12. d5 Nb8 13. Nc3 N8d7 14. a3 Qe7 15. Re1 a5 16. b3 f5 17. Bf1 Qf6 18. Nb5 Nc5 19. b4 axb4 20. axb4 Rxa1 21. Qxa1 Na6 22. c5 Nxd5 23. Nxd6 Naxb4 24. Bxe5 Qe7 25. Bc4 Kh8 26. Bd4 Bxd4 27. Nxd4 Qf6 28. Ne8 Nc2 29. Nxf6 1-0

[Event "Bruges Masters 2018"]
[Site "Brugge"]
[Date "2018.08.16"]
[Round "7"]
[White "Van Foreest, Lucas"]
[Black "Bisby, Daniel L"]
[Result "1-0"]
[ECO "B38"]
[WhiteElo "2488"]
[BlackElo "2314"]
[Annotator "ChessBase"]
[PlyCount "111"]
[EventDate "2018.08.12"]
[EventType "swiss"]
[EventCountry "BEL"]
[SourceTitle "playchess.com"]
[Source "ChessBase"]
[SourceQuality "1"]
[TimeControl "5400+30"]

1. e4 c5 2. Nf3 g6 3. d4 cxd4 4. Nxd4 Bg7 5. c4 Nc6 6. Nc2 Nf6 7. Nc3 O-O 8. Be2 b6 9. O-O Bb7 10. Be3 Ne8 11. Qd2 Nd6 12. f3 f5 13. c5 bxc5 14. Bxc5 Rc8 15. Rad1 Ne5 16. Bxd6 Qb6+ 17. Qe3 exd6 18. Qxb6 axb6 19. exf5 Rxf5 20. Ne3 Rf4 21. Ned5 Bxd5 22. Nxd5 Rf7 23. f4 Rc2 24. Nc3 Nc6 25. Bc4 Bd4+ 26. Kh1 Rxb2 27. Ne4 Kg7 28. Bxf7 Kxf7 29. Rd2 Rxd2 30. Nxd2 Nb4 31. a4 Nd3 32. g3 Nc5 33. Rb1 Nxa4 34. Rb4 Bc3 35. Rxa4 Bxd2 36. Rd4 Be3 37. Rxd6 Ke7 38. Rd1 Bc5 39. Kg2 b5 40. Kf3 b4 41. Ke4 Ke6 42. g4 Bf8 43. Rd4 Bc5 44. Rd5 Bf8 45. Rb5 Be7 46. Rb6+ Kf7 47. Kd5 Bf8 48. Ke5 Be7 49. Rb8 Bf8 50. Rb7 Ke8 51. f5 Bg7+ 52. f6 Bf8 53. Kd5 h6 54. h4 g5 55. hxg5 hxg5 56. Ke5 1-0

[Event "Bruges Masters 2018"]
[Site "Brugge"]
[Date "2018.08.16"]
[Round "7"]
[White "Koziak, Vitali"]
[Black "Verstraeten, Rein"]
[Result "1-0"]
[ECO "E83"]
[WhiteElo "2476"]
[BlackElo "2303"]
[Annotator "ChessBase"]
[PlyCount "125"]
[EventDate "2018.08.12"]
[EventType "swiss"]
[EventCountry "BEL"]
[SourceTitle "playchess.com"]
[Source "ChessBase"]
[SourceQuality "1"]
[TimeControl "5400+30"]

1. d4 Nf6 2. c4 g6 3. Nc3 Bg7 4. e4 d6 5. f3 O-O 6. Be3 Nc6 7. Qd2 a6 8. Nge2 Na5 9. Nc1 Nd7 10. b4 Nc6 11. Rb1 e5 12. d5 Nd4 13. N1e2 a5 14. a3 f5 15. Nxd4 exd4 16. Bxd4 Bxd4 17. Qxd4 axb4 18. axb4 fxe4 19. Nxe4 Ra2 20. Nc3 Re8+ 21. Be2 Qg5 22. g3 Qf5 23. Kf2 Raxe2+ 24. Nxe2 Ne5 25. Rb3 Ng4+ 26. Kf1 Rxe2 27. Kxe2 Qc2+ 28. Kf1 Qc1+ 29. Kg2 Qc2+ 30. Kf1 Ne5 31. Re3 Bh3+ 32. Ke1 Qg2 33. Rxe5 Qxh1+ 34. Kd2 dxe5 35. Qh4 Qg2+ 36. Kc1 Qg1+ 37. Kd2 Qf2+ 38. Kc1 Qe1+ 39. Kc2 Bf5+ 40. Kb3 Qd1+ 41. Ka3 Qc1+ 42. Ka4 b5+ 43. Kxb5 Bd7+ 44. Ka6 Bc8+ 45. Ka7 Qa3+ 46. Kb8 Bf5 47. Qd8+ Kg7 48. Qxc7+ Kh6 49. b5 Qxf3 50. Qxe5 Qb3 51. Qf4+ Kg7 52. b6 Qa4 53. Qc7+ Kh6 54. Qc6 Qb4 55. b7 Qf8+ 56. Ka7 Qa3+ 57. Kb6 Qb4+ 58. Qb5 Qd6+ 59. Ka7 Qa3+ 60. Qa6 Qc5+ 61. Ka8 Bd3 62. b8=Q Bxc4 63. Qf4+ 1-0

[Event "Bruges Masters 2018"]
[Site "Brugge"]
[Date "2018.08.16"]
[Round "7"]
[White "Miciano, John Marvin"]
[Black "Bergre, Joachim"]
[Result "1-0"]
[ECO "E60"]
[WhiteElo "2381"]
[BlackElo "1988"]
[Annotator "NA"]
[PlyCount "47"]
[EventDate "2018.08.12"]
[EventType "swiss"]
[EventCountry "BEL"]
[SourceTitle "playchess.com"]
[Source "ChessBase"]
[SourceQuality "1"]
[TimeControl "5400+30"]

1. g3 g6 2. Bg2 Bg7 3. e4 d6 4. Ne2 c5 5. d4 cxd4 6. Nxd4 Nf6 7. O-O O-O 8. c4 Nc6 9. Nc2 Bg4 10. f3 Be6 11. Nba3 Nd7 12. Rb1 a5 13. b3 Nb4 14. f4 Nc5 15. Nxb4 axb4 16. Nc2 Qb6 17. Ne3 Rxa2 18. f5 Bd7 19. Nd5 Qd8 20. Nxb4 Ra8 21. Be3 Bc6 22. Nxc6 bxc6 23. e5 Rc8 24. f6 1-0

[Event "Bruges Masters 2018"]
[Site "Brugge"]
[Date "2018.08.16"]
[Round "7"]
[White "Mehar, Chinna Reddy C H"]
[Black "Lai, Hing Ting"]
[Result "1/2-1/2"]
[ECO "D05"]
[WhiteElo "2345"]
[BlackElo "2459"]
[Annotator "ChessBase"]
[PlyCount "108"]
[EventDate "2018.08.12"]
[EventType "swiss"]
[EventCountry "BEL"]
[SourceTitle "playchess.com"]
[Source "ChessBase"]
[SourceQuality "1"]
[TimeControl "5400+30"]

1. d4 Nf6 2. Nf3 e6 3. e3 c5 4. Bd3 d5 5. b3 Nc6 6. Bb2 cxd4 7. exd4 Bb4+ 8. c3 Bd6 9. O-O O-O 10. Nbd2 b6 11. Qe2 a5 12. Ne5 Ne7 13. a4 Bb7 14. Rac1 g6 15. Rfd1 Rc8 16. Bb5 Rc7 17. Ndf3 Nf5 18. c4 Qe7 19. Nd3 Ne4 20. Nfe5 Rfc8 21. f3 dxc4 22. bxc4 Nf6 23. c5 Bxe5 24. Qxe5 Nd5 25. cxb6 Rc2 26. Rxc2 Rxc2 27. Bc1 f6 28. Qe1 Nxd4 29. Rd2 Rc8 30. Bb2 Nxb5 31. axb5 Nxb6 32. Re2 Kf7 33. f4 Nc4 34. Ba1 Rd8 35. Qc3 Bd5 36. h3 Nd6 37. b6 Nc4 38. b7 Rb8 39. Nf2 h5 40. Ne4 Bxe4 41. Rxe4 Nd6 42. Rd4 Rxb7 43. Rxd6 Qxd6 44. Qxf6+ Ke8 45. Qxg6+ Kd7 46. Be5 Qd5 47. Qxh5 a4 48. Qf7+ Kc6 49. Qe8+ Qd7 50. Qa8 Kb5 51. Qf8 Qd5 52. Kh2 Qc5 53. Qe8+ Qc6 54. Qf8 Qc5 1/2-1/2

[Event "Bruges Masters 2018"]
[Site "Brugge"]
[Date "2018.08.16"]
[Round "7"]
[White "Rajesh, V A V"]
[Black "Ouaki, Mark"]
[Result "1-0"]
[ECO "A70"]
[WhiteElo "2325"]
[BlackElo "1592"]
[Annotator "NA"]
[PlyCount "53"]
[EventDate "2018.08.12"]
[EventType "swiss"]
[EventCountry "BEL"]
[SourceTitle "playchess.com"]
[Source "ChessBase"]
[SourceQuality "1"]
[TimeControl "5400+30"]

1. d4 Nf6 2. c4 c5 3. d5 e6 4. Nc3 exd5 5. cxd5 d6 6. Nf3 g6 7. Bf4 Bg7 8. Qa4+ Bd7 9. Qb3 Qc7 10. e4 O-O 11. Be2 Re8 12. Nd2 Ng4 13. Bxg4 Bxg4 14. Nb5 Qa5 15. Nxd6 Re7 16. f3 Nd7 17. fxg4 Nf6 18. O-O Nxg4 19. Nf3 c4 20. Qxc4 Qb6+ 21. Kh1 Nf2+ 22. Rxf2 Qxf2 23. e5 Qxb2 24. Re1 Rd8 25. a4 Rdd7 26. Qc8+ Bf8 27. Bh6 1-0

[Event "Bruges Masters 2018"]
[Site "Brugge"]
[Date "2018.08.16"]
[Round "7"]
[White "Tomov, Georgi"]
[Black "Zeng, Chongsheng"]
[Result "0-1"]
[ECO "B27"]
[WhiteElo "2307"]
[BlackElo "2539"]
[Annotator "ChessBase"]
[PlyCount "114"]
[EventDate "2018.08.12"]
[EventType "swiss"]
[EventCountry "BEL"]
[SourceTitle "playchess.com"]
[Source "ChessBase"]
[SourceQuality "1"]
[TimeControl "5400+30"]

1. e4 c5 2. Nf3 Nc6 3. Bb5 Nf6 4. Bxc6 bxc6 5. e5 Nd5 6. O-O g6 7. c4 Nc7 8. d4 cxd4 9. Qxd4 Ne6 10. Qh4 h5 11. Nc3 Bg7 12. Re1 d6 13. Rd1 O-O 14. Ne4 c5 15. Bd2 Bb7 16. Bc3 Bxe4 17. Qxe4 Qb6 18. exd6 exd6 19. Qe3 Rfe8 20. Bxg7 Nxg7 21. Qc3 Nf5 22. Re1 a5 23. h3 Qb4 24. Qxb4 axb4 25. Rxe8+ Rxe8 26. Kf1 Kf8 27. a4 bxa3 28. Rxa3 Rb8 29. b3 Ke7 30. Ke2 h4 31. Kd3 Kf6 32. Kc3 Re8 33. Ra2 g5 34. b4 cxb4+ 35. Kxb4 Re4 36. Kc3 g4 37. Nd2 Rf4 38. hxg4 Rxg4 39. f3 Rg6 40. Ne4+ Ke5 41. Kd3 Kf4 42. Rb2 Ne3 43. c5 dxc5 44. Nxc5 Nxg2 45. Ke2 Kg3 46. Ne4+ Kh2 47. Kf2 f5 48. Nc3 Nf4 49. Rb5 Re6 50. Kf1 Re3 51. Nd5 Rxf3+ 52. Ke1 Nxd5 53. Rxd5 h3 54. Rd8 Kg2 55. Rd2+ Kg1 56. Rd8 Re3+ 57. Kd2 Rg3 0-1